 Dungeon Crawl Stone Soup version 0.26.1-2-gb8aa6d0cf2 (webtiles) character file.

Game seed: 16206995886171992901

94 Eurus the Insei (level 4, -1/35 HPs)
             Began as a Draconian Transmuter on Feb 9, 2021.
             Slain by a bullfrog (5 damage)
             ... on level 6 of the Dungeon.
             The game lasted 00:06:25 (2899 turns).

Eurus the Insei (Draconian Transmuter)              Turns: 2899, Time: 00:06:25

Health: -1/35      AC:  6    Str: 12    XL:     4   Next: 38%
Magic:  7/7        EV: 12    Int: 14    God:
Gold:   107        SH:  0    Dex: 12    Spells: 6/7 levels left

rFire    . . .     SeeInvis .     - Unarmed
rCold    . . .     Faith    .   (no shield)
rNeg     + . .     Spirit   .   (armour unavailable)
rPois    .         Reflect  .   (helmet restricted)
rElec    .         Harm     .   (no cloak)
rCorr    .         Rampage  .   (no gloves)
Will     .....                  i - +0 pair of boots
Stlth    +.........             (no amulet)
HPRegen  0.11/turn              m - ring of positive energy
MPRegen  0.10/turn              (no ring)

@: lethally poisoned (-1 -> -4)
A: unfitting armour, cold-blooded, AC +5
a: no special abilities


You were on level 6 of the Dungeon.
You visited 1 branch of the dungeon, and saw 5 of its levels.

You collected 107 gold pieces.

Inventory:

Armour
 i - a +0 pair of boots (worn)
Jewellery
 m - a ring of positive energy (left hand)
Scrolls
 b - 3 scrolls of identify {unknown}
 c - 2 scrolls of remove curse {unknown}
 d - 2 scrolls of teleportation {unknown}
 g - 3 scrolls of amnesia {unknown}
 h - a scroll of blinking {unknown}
 l - 3 scrolls of enchant weapon {unknown}
 o - a scroll of random uselessness {unknown}
 t - a scroll of fog {unknown}
 u - a scroll of noise {unknown}
Potions
 a - a potion of flight {unknown}
 e - 2 potions of brilliance {unknown}
 f - 2 potions of lignification {unknown}
 j - 2 potions of magic {unknown}
 k - a potion of degeneration {unknown}
 n - 3 potions of curing {unknown}
 p - a potion of attraction {unknown}
 q - 3 potions of might {unknown}
 r - a potion of haste {unknown}
 s - a potion of cancellation {unknown}


   Skills:
 + Level 1.2 Fighting
 + Level 2.5 Dodging
 + Level 0.4 Stealth
 + Level 4.1 Unarmed Combat
 + Level 2.4 Spellcasting
 + Level 2.4 Transmutations


You had 6 spell levels left.
You knew the following spells:

 Your Spells              Type           Power        Failure   Level
a - Beastly Appendage     Tmut           16%          9%          1

Your spell library contained the following spells:

 Spells                   Type           Power        Failure   Level
 Wereblood                Tmut           8%           12%         2
 Spider Form              Tmut/Pois      2%           38%         3
 Ice Form                 Ice/Tmut       5%           80%         4
 Blade Hands              Tmut           4%           92%         5


Dungeon Overview and Level Annotations

Branches:
Dungeon (4/15)
 Temple: D:4-7

Altars:
Okawaru
Xom
Yredelemnul


Innate Abilities, Weirdness & Mutations

Your plain brown scales are hard. (AC +5)
You cannot fit into any form of body armour.
You are cold-blooded and may be slowed by cold attacks.


Message History

You hit the ice beast but do no damage.
The ice beast is heavily wounded.
You feel sick. The bullfrog hits you.
The worker ant bites you but does no damage.
The ice beast hits you but does no damage.
You closely miss the ice beast.
The ice beast is heavily wounded.
The bullfrog hits you but does no damage.
The worker ant bites you.
You hit the ice beast.
The ice beast is heavily wounded.
You feel sick. The bullfrog hits you.
* * * LOW HITPOINT WARNING * * *
The ice beast hits you.
* * * LOW HITPOINT WARNING * * *
The ice beast freezes you.
* * * LOW HITPOINT WARNING * * *
The worker ant bites you but does no damage.
The bullfrog hits you.
You die...

....... ##...##
##....# #..##
##... ##.# #...#
#.## .#....#
##..##
.......##....##
..............#
......F...##...#
.......@B.# .....
.......Y........##
##..............#
#...............
#...........##
#...........#
.........#..##
........##..#


You could see an ice beast, a bullfrog and a worker ant.

Vanquished Creatures
  A worker ant (D:4)
  2 adders
  A worm (D:3)
  2 giant cockroaches
  4 goblins (D:2)
  8 hobgoblins
  12 jackals
  3 bats
  4 frilled lizards
  5 kobolds
  7 rats
49 creatures vanquished.

Vanquished Creatures (others)
  5 plants (D:3)
5 creatures vanquished.

Grand Total: 54 creatures vanquished

Notes
Turn   | Place    | Note
-------+----------+-------------------------------------------
     0 | D:1      | Eurus the Draconian Transmuter began the quest for the Orb.
     0 | D:1      | Reached XP level 1. HP: 16/16 MP: 3/3
   333 | D:1      | Reached XP level 2. HP: 22/23 MP: 5/5
   760 | D:2      | Found a shimmering altar of Xom.
   771 | D:2      | Found a shimmering altar of Xom.
   910 | D:2      | Found a shimmering altar of Xom.
   958 | D:2      | Found a shimmering altar of Xom.
  1065 | D:2      | Reached XP level 3. HP: 15/28 MP: 6/6
  1994 | D:3      | Found a basalt altar of Yredelemnul.
  2441 | D:3      | Reached XP level 4. HP: 35/35 MP: 7/7
  2474 | D:3      | Found an iron altar of Okawaru.
  2865 | D:4      | Reached skill level 4 in Unarmed Combat
  2871 | D:4      | You fall into a shaft and drop 2 floors!
  2884 | D:6      | Noticed an ice beast
  2890 | D:6      | Noticed a bullfrog
  2899 | D:6      | Slain by a bullfrog

Illustrated notes

Levels and vault maps discovered:
D:1:      giann_horns, layout_loops_ring, minmay_stone_trees_small
D:2:      layout_rooms, xom_redecorated, serial_corexii_hall,
          chequers_hall_statues_wall_a, corexii_hall_statues_l
D:3:      layout_loops_ring, old_standard_altar, okawaru_gym_becter,
          grunt_ministairs_7, serial_bayou_lake_a
D:4:      layout_loops_cross, enter_ossuary_5, serial_rivers,
          chequers_serial_rivers_micro_b, chequers_serial_rivers_room_b,
          chequers_serial_rivers_marsh, chequers_serial_rivers_micro_e,
          chequers_serial_rivers_micro_a, uniq_robin
D:6:      layout_layer_cave, uniq_prince_ribbit1, uniq_blork_the_orc

Skill      XL: |  1  2  3  4 |
---------------+-------------+-----
Dodging        | 2 |  2.5
Unarmed Combat | 4 |  4.1
Fighting       | |  1.2
Stealth        | |  0.4
Spellcasting   | |  2.4
Transmutations | |  2.4

Action                   |  1- 3 |  4- 6 || total
-------------------------+-------+-------++-------
Melee: Unarmed           |   146 |    37 ||   183
       Kick              |    15 |       ||    15
       Headbutt          |     8 |     1 ||     9
       Punch             |     1 |       ||     1
       Tailslap          |     8 |     2 ||    10
 Cast: Beastly Appendage |    14 |     1 ||    15
 Stab: Sleeping          |     1 |       ||     1
Armor: Skin              |    59 |    17 ||    76
Dodge: Dodged            |    93 |    25 ||   118
